AoeStats
← Isaiahtoth43

Lombardia

507653403Analyzed
3v3 RM · 12d ago on Sep 19, 2026· 51m 30s· 6 players
Game mode
Random Map
Map size
Normal (6 player)
Population
200
Speed
Normal
Resources
Standard
Victory
Conquest
Starting age
Dark Age
Ending age
Imperial Age
RankedLock teamsTeams togetherTeam positionsShared explorationLock speedFull tech treeHidden civsTurbo modeCheats
Victory
Defeat
🇨🇳 Japanese · China
670
+16
🇹🇼 Saracens · Taiwan
670
+16
🇹🇼 Mongols · Taiwan
648
+17
🇺🇸 Britons · United States
689
-16
🇺🇸 Khmer · United States
674
-17
🇺🇸 Bengalis · United States
653
-16
Kaiiiiii
10:25 Feudal Age
20:52 Castle Age
19:44 Scale Barding Armor
20:05 Double-Bit Axe
21:50 Horse Collar
28:32 Bow Saw
28:24 Heavy Plow
32:09 Fletching
32:42 Chain Barding Armor
32:34 Forging
32:19 Gold Mining
34:52 Wheelbarrow
34:27 Bodkin Arrow
37:26 Padded Archer Armor
41:11 Imperial Age
40:26 Hand Cart
41:58 Light Cavalry
42:49 Bloodlines
42:58 Bloodlines
44:56 Ballistics
44:47 Fortified Wall
44:36 Murder Holes
gooloo gooloo
0:27 Loom
11:01 Feudal Age
20:13 Castle Age
17:43 Man-at-Arms
18:34 Horse Collar
20:01 Forging
20:14 Arson
20:31 Scale Mail Armor
20:22 Long Swordsman
21:33 Squires
21:46 Gambesons
22:28 Town Watch
35:20 Imperial Age
34:17 Fervor
36:13 Wheelbarrow
35:40 Town Patrol
35:39 Gold Mining
39:40 Caravan
40:11 Coinage
40:39 Gold Shaft Mining
39:55 Stone Mining
40:03 Murder Holes
41:23 Iron Casting
41:03 Chain Mail Armor
40:39 Fletching
40:49 Padded Archer Armor
40:56 Scale Barding Armor
43:43 Hand Cart
44:36 Bodkin Arrow
44:56 Leather Archer Armor
44:16 Elite Mameluke
49:12 Conscription
49:27 Conscription
49:44 Ballistics
49:26 Bracer
49:56 Ring Archer Armor
令饼作呕
10:52 Feudal Age
11:36 Double-Bit Axe
11:35 Horse Collar
14:01 Loom
14:26 Man-at-Arms
16:16 Forging
16:06 Scale Mail Armor
15:55 Arson
20:52 Castle Age
23:04 Bow Saw
23:42 Stone Mining
25:39 Fervor
27:18 Bloodlines
28:37 Wheelbarrow
28:33 Husbandry
28:42 Heavy Plow
29:07 Gold Mining
43:16 Treadmill Crane
44:11 Thumb Ring
44:00 Fletching
44:10 Padded Archer Armor
46:51 Imperial Age
45:13 Gold Shaft Mining
45:03 Hand Cart
46:50 Ballistics
46:24 Town Watch
46:47 Bodkin Arrow
47:07 Leather Archer Armor
47:02 Scale Barding Armor
47:32 Iron Casting
47:56 Conscription
47:13 Cavalier
48:39 Hoardings
47:42 Elite Skirmisher
47:46 Heavy Cavalry Archer
48:53 Parthian Tactics
49:05 Masonry
48:51 Murder Holes
51:01 Yasama
51:32 Chain Barding Armor
BingBongBoi
0:33 Loom
10:43 Feudal Age
15:35 Castle Age
13:57 Double-Bit Axe
14:14 Horse Collar
16:31 Town Watch
22:13 Wheelbarrow
25:12 Town Patrol
25:49 Gambesons
25:46 Man-at-Arms
27:25 Bow Saw
28:04 Crossbowman
32:11 Elite Skirmisher
33:25 Hand Cart
35:34 Caravan
40:58 Imperial Age
40:13 Fletching
40:24 Scale Mail Armor
40:29 Scale Barding Armor
40:25 Padded Archer Armor
40:35 Forging
42:19 Bodkin Arrow
42:40 Chain Mail Armor
42:46 Chain Barding Armor
43:51 Chemistry
43:12 Ballistics
42:19 Arbalester
44:02 Bracer
44:18 Leather Archer Armor
43:39 Capped Ram
45:25 Gold Mining
45:25 Stone Mining
Monzaman
1:04 Loom
12:09 Feudal Age
14:17 Double-Bit Axe
14:22 Horse Collar
18:16 Castle Age
22:14 Heavy Plow
23:30 Bow Saw
26:23 Squires
26:08 Pikeman
28:32 Scale Mail Armor
28:46 Forging
30:56 Chain Mail Armor
31:20 Iron Casting
43:45 Scale Barding Armor
44:01 Stone Mining
44:44 Paiks
47:54 Chain Barding Armor
52:32 Imperial Age
Isaiahtoth43
12:58 Feudal Age
13:24 Horse Collar
15:47 Wheelbarrow
21:02 Castle Age
20:01 Double-Bit Axe
25:16 Bow Saw
27:30 Light Cavalry
29:57 Hand Cart
30:48 Loom
31:34 Gold Mining
32:20 Husbandry
33:16 Heavy Plow
41:36 Gold Shaft Mining
42:01 Caravan
43:43 Bloodlines
Connection lost

Rejoining the realm…

Still unreachable

The connection could not be restored.

Session expired

The server has moved on; the page needs a fresh start.